Map: Orbital Shipyard

Players

NeverLucky

  • Race: Zerg Zerg
  • League: Master

Glorfindel - Winner!

  • Race: Terran Terran
  • League: Master

VOD

Have the link to the VOD?

Description

Time

  • Played on: March 6, 2016, 2:45 p.m.
  • Length: 9:32
Show
View Real Time Build Order
Export as new Build Order

NeverLucky Zerg 

Build Orders: Hatch First 

Get SALT Encoding   

  12  0:00  Drone  
  13  0:12  Overlord  
  13  0:17  Drone  
  14  0:31  Drone x2  
  16  0:36  Drone  
  17  0:51  Hatchery  
  17  0:54  Drone  
  17  0:58  Drone  
  17  1:00  Extractor  
  17  1:16  Spawning Pool  
  16  1:20  Drone  
  16  1:21  Drone  
  18  1:29  Drone  
  19  1:39  Drone  
  20  1:50  Drone  
  21  2:02  Metabolic Boost, Queen  
  21  2:04  Queen  
  21  2:05  Zergling x4  
  27  2:11  Drone  
  28  2:18  Overlord  
  28  2:38  Queen  
  28  2:39  Queen  
  31  2:49  Drone x2, Overlord  
  34  2:58  Drone  
  34  2:59  Drone  
  34  3:00  Overlord  
  35  3:07  Drone  
  35  3:09  Drone  
  37  3:16  Drone x6  
  43  3:24  Drone x2  
  45  3:33  Hatchery  
  44  3:35  Zergling x4  
  46  3:45  Drone  
  46  3:46  Drone x3  
  50  3:48  Extractor  
  50  3:49  Drone x2  
  50  3:53  Overlord  
  50  3:54  Overlord  
  51  4:09  Roach Warren  
  50  4:11  Drone  
  50  4:12  Overlord  
  50  4:15  Drone x3  
  50  4:16  Drone  
  55  4:19  Drone x2  
  55  4:20  Evolution Chamber x2  
  55  4:25  Drone x3  
  55  4:26  Drone  
  55  4:28  Extractor  
  58  4:34  Drone  
  58  4:35  Spore Crawler  
  58  4:36  Drone  
  58  4:37  Spore Crawler  
  58  4:51  Zerg Melee Weapons Level 1, Zerg Ground Armor Level 1  
  58  4:52  Roach x4  
  66  4:56  Drone  
  66  4:57  Drone x3  
  66  4:59  Overlord  
  70  5:07  Roach, Spore Crawler  
  70  5:08  Roach  
  51  5:43  Drone x8  
  51  5:44  Queen  
  54  5:58  Roach  
  54  5:59  Queen, Lair  
  54  6:01  Zergling x4  
  58  6:07  Roach x3  
  58  6:10  Ravager  
  63  6:26  Drone x4  
  63  6:30  Ravager  
  63  6:31  Ravager  
  69  6:34  Ravager x2  
  69  6:37  Baneling Nest, Drone  
  69  6:39  Queen  
  71  6:40  Drone x2  
  71  6:41  Drone x2  
  71  6:44  Extractor  
  76  6:50  Drone x3  
  76  6:53  Drone  
  76  6:54  Hatchery  
  79  7:03  Zerg Melee Weapons Level 2  
  79  7:04  Zergling x6  
  79  7:06  Overlord x2  
  82  7:08  Hatchery  
  82  7:14  Zerg Ground Armor Level 2  
  81  7:30  Drone x4  
  81  7:32  Extractor  
  81  7:33  Zergling x4  
  81  7:34  Zergling x6  
  81  7:35  Infestation Pit  
  87  7:39  Drone x4  
  87  7:40  Overseer  
  87  7:42  Extractor  
  87  7:44  Extractor  
  89  7:50  Extractor  
  88  7:56  Zergling x16  
  94  8:00  Centrifical Hooks  
  91  8:08  Zergling x8  
  92  8:19  Drone  
  92  8:20  Drone x2  
  92  8:21  Pathogen Glands  
  92  8:23  Baneling  
  92  8:24  Baneling x2  
  92  8:25  Drone x5  
  98  8:34  Roach x4  
  100  8:36  Spore Crawler, Drone  
  100  8:37  Drone x4  
  101  8:43  Drone  
  101  8:44  Drone x3  
  101  8:47  Baneling  
  101  8:48  Baneling x3  
  99  9:02  Zergling x26  
  97  9:07  Zergling x6  
  93  9:18  Ravager  
Show
View Real Time Build Order
Export as new Build Order

Glorfindel Terran - Winner!

Build Orders: Liberator Opening, Reaper Expand, MMM Bio 

Get SALT Encoding   

  12  0:01  SCV  
  13  0:13  SCV  
  14  0:17  Supply Depot  
  14  0:25  SCV  
  15  0:37  Refinery  
  15  0:41  Barracks  
  15  0:44  SCV  
  16  0:56  SCV  
  17  1:08  SCV  
  18  1:27  Orbital Command  
  18  1:28  Reaper  
  19  1:40  Command Center  
  19  1:51  Supply Depot  
  19  1:53  SCV  
  20  1:59  Refinery  
  20  2:02  Barracks Reactor  
  20  2:05  SCV  
  21  2:18  Factory  
  21  2:20  SCV  
  22  2:33  SCV  
  23  2:39  Marine x2  
  25  2:45  SCV  
  26  2:53  Orbital Command  
  26  2:57  SCV  
  27  3:06  Starport  
  27  3:08  Barracks Reactor  
  27  3:09  Hellion, SCV  
  27  3:10  Hellion  
  32  3:18  SCV  
  33  3:21  SCV  
  33  3:23  Supply Depot  
  34  3:30  Hellion, SCV  
  34  3:32  Hellion  
  34  3:34  SCV  
  40  3:35  Liberator x2  
  40  3:42  SCV  
  41  3:49  SCV  
  41  3:54  Supply Depot  
  48  3:55  SCV  
  48  4:02  Hellion x2  
  53  4:03  SCV  
  53  4:09  Armory  
  54  4:16  SCV  
  55  4:18  SCV  
  56  4:28  SCV  
  56  4:30  Command Center  
  56  4:31  SCV  
  58  4:41  SCV  
  59  4:48  Barracks Tech Lab  
  59  4:51  Starport Reactor  
  59  4:52  Factory Tech Lab, Barracks, SCV  
  60  4:54  SCV  
  60  4:57  Barracks  
  61  5:04  SCV  
  62  5:28  Barracks x2  
  62  5:30  Engineering Bay, Stimpack  
  62  5:31  Engineering Bay  
  62  5:33  SCV x2  
  62  5:38  Medivac  
  62  5:41  Medivac  
  62  5:44  SCV  
  62  5:45  SCV x2  
  60  5:57  SCV x2  
  60  6:01  Orbital Command  
  60  6:02  Terran Infantry Weapons Level 1, Terran Infantry Armor Level 1  
  61  6:05  Barracks, Marine x2  
  61  6:09  SCV x2, Refinery  
  61  6:10  Refinery  
  65  6:16  Marine x2  
  65  6:17  Barracks Tech Lab  
  67  6:18  Barracks Tech Lab  
  67  6:22  SCV x2  
  67  6:24  Orbital Command  
  67  6:25  Marine  
  70  6:30  Supply Depot  
  70  6:32  Supply Depot  
  67  6:34  SCV x2  
  67  6:38  Marine x2  
  71  6:43  Combat Shields  
  71  6:46  SCV x2  
  73  6:51  Marine x2  
  73  6:53  SCV  
  76  6:57  Marine, Marauder  
  76  6:58  SCV, Marauder  
  76  6:59  Barracks Tech Lab  
  82  7:02  Refinery  
  82  7:07  Supply Depot, Refinery  
  82  7:10  Supply Depot x2  
  82  7:19  Marine x3, Marauder x2  
  82  7:21  Siege Tank  
  92  7:24  SCV  
  92  7:25  Factory  
  92  7:29  Marine x2, SCV, Marauder  
  98  7:37  Marine x2  
  98  7:38  Marine  
  98  7:40  Marauder  
  98  7:41  Marauder  
  98  7:42  SCV x2  
  107  7:47  Marine, Supply Depot, Marauder  
  107  7:48  Supply Depot  
  107  7:49  Supply Depot  
  107  7:50  Marine  
  111  7:54  Marine  
  111  7:58  SCV  
  112  7:59  Marine x2  
  112  8:00  Siege Tank  
  117  8:08  Marauder x2  
  117  8:09  Marauder  
  119  8:13  SCV  
  119  8:19  Marine x4, Marauder  
  126  8:24  Factory Tech Lab, Command Center  
  126  8:25  SCV x2  
  128  8:29  Marauder x2  
  128  8:33  SCV  
  133  8:37  SCV, Supply Depot  
  133  8:38  Supply Depot  
  133  8:39  Supply Depot, SCV  
  131  8:45  Siege Tank  
  131  8:46  Factory  
  131  8:47  SCV  
  135  8:49  SCV  
  135  8:59  Marine  
  118  9:07  Marine x2  
Tags
 
Add a new tag
Caveats
  • Supply blocks, unpowered buildings, or Contaminate may cause inaccurate times.
  • Supply counts are checked every 10 seconds.